TOP OF THE 1ST |
Kingston Iguanas batting - Pitching for Springfield Simpsons : RHP Mark Anderson
|
Pitching: RHP Mark Anderson
|
|
Batting: LHB Juan Romero
|
0-0: Reached on error, E6 (Groundball, 6M)
|
Batting: RHB Mike Johnson
|
0-0: Ball 1-0: Called Strike 1-1: Foul Ball, location: 2F 1-2: Ball 2-2: Foul Ball, location: 2F 2-2: Ball 3-2: Foul Ball, location: 2F 3-2: Foul Ball, location: 2F 3-2: SINGLE (Line Drive, 89S) Juan Romero to second Runner from 2nd tries for 3rd, SAFE, throw made to third Mike Johnson to second
|
Batting: LHB Mike Godfrey
|
0-0: Ball 1-0: Ball Passed Ball! Juan Romero scores Mike Johnson to third 2-0: Called Strike 2-1: Called Strike 2-2: Strikes out swinging
|
Batting: RHB Luis Aguilar
|
0-0: Called Strike 0-1: Ball 1-1: Swinging Strike 1-2: Ball 2-2: Ball 3-2: Base on Balls
|
Batting: LHB Bob Greene
|
0-0: Ball 1-0: Swinging Strike 1-1: Ball 2-1: Swinging Strike 2-2: Foul Ball, location: 2F 2-2: Ball 3-2: Base on Balls Luis Aguilar to second
|
Batting: LHB Poto Vasilini
|
0-0: Called Strike 0-1: Swinging Strike 0-2: Strikes out swinging
|
Batting: LHB Dave Gordon
|
0-0: Ball 1-0: Fly out, F8 (Flyball, 8LD)
|
Top of the 1st over - 1 run(s), 1 hit(s), 1 error(s), 3 left on base; Kingston 1 - Springfield 0 |
BOTTOM OF THE 1ST |
Springfield Simpsons batting - Pitching for Kingston Iguanas : RHP Sid Allen
|
Pitching: RHP Sid Allen
|
|
Batting: RHB Nick Harris
|
0-0: Called Strike 0-1: Ball 1-1: Foul Ball, location: 2F 1-2: Ground out 6-3 (Groundball, 6)
|
Batting: RHB Ken McDonald
|
0-0: Ball 1-0: Fly out, F3 (Line Drive, 34)
|
Batting: LHB Tony O'Bryan
|
0-0: Foul Ball, location: 2F 0-1: Ball 1-1: Ground out 1-3 (Groundball, 13S)
|
Bottom of the 1st over - 0 run(s), 0 hit(s), 0 error(s), 0 left on base; Kingston 1 - Springfield 0 |
TOP OF THE 2ND |
Kingston Iguanas batting - Pitching for Springfield Simpsons : RHP Mark Anderson
|
Batting: RHB Bobby Armstrong
|
0-0: Ball 1-0: Ball 2-0: Called Strike 2-1: Foul Ball, location: 2F 2-2: Strikes out swinging
|
Batting: LHB Will Holt
|
0-0: Foul Ball, location: 2F 0-1: Ball 1-1: Ball 2-1: Foul Ball, location: 2F 2-2: Fly out, F6 (Popup, 56D)
|
Batting: LHB Juan Romero
|
0-0: Ball 1-0: Foul Ball, location: 2F 1-1: Called Strike 1-2: Ball 2-2: Fly out, F7 (Flyball, 7M)
|
Top of the 2nd over - 0 run(s), 0 hit(s), 0 error(s), 0 left on base; Kingston 1 - Springfield 0 |
BOTTOM OF THE 2ND |
Springfield Simpsons batting - Pitching for Kingston Iguanas : RHP Sid Allen
|
Batting: RHB Brant Sherman
|
0-0: Ball 1-0: Swinging Strike 1-1: Reached on Error, E8 (Line Drive, 8LS)
|
Batting: RHB Manny Ramírez
|
0-0: Ball 1-0: Ball 2-0: Called Strike 2-1: Foul Ball, location: 2F 2-2: Strikes out swinging
|
Batting: LHB Pedro Cerda
|
0-0: Ball 1-0: Ball Brant Sherman steals 3rd base 2-0: Ball 3-0: Called Strike 3-1: DOUBLE (Line Drive, 7LS) Brant Sherman scores
|
Batting: SHB Jorge García
|
0-0: Ball Throwing error on steal attempt, E2 Pedro Cerda scores 1-0: Ball 2-0: Ball 3-0: Called Strike 3-1: Foul Ball, location: 2F 3-2: Ground out 4-3 (Groundball, 4)
|
Batting: SHB José Cruz
|
0-0: SINGLE (Groundball, 4M)
|
Batting: RHB Valentín Ramírez
|
0-0: Ball 1-0: Called Strike 1-1: Called Strike 1-2: SINGLE (Groundball, 34) José Cruz to second Runner from 2nd tries for 3rd, SAFE, no throw or cutoff
|
Batting: RHB Nick Harris
|
0-0: Called Strike 0-1: Ball 1-1: Ball 2-1: Foul Ball, location: 2F 2-2: Ball 3-2: Ground out U3 (Groundball, 3L)
|
Bottom of the 2nd over - 2 run(s), 3 hit(s), 2 error(s), 2 left on base; Kingston 1 - Springfield 2 |
TOP OF THE 3RD |
Kingston Iguanas batting - Pitching for Springfield Simpsons : RHP Mark Anderson
|
Batting: RHB Mike Johnson
|
0-0: Swinging Strike 0-1: Ball 1-1: Foul Ball, location: 2F 1-2: SINGLE (Groundball, 6MD) (infield hit)
|
Batting: LHB Mike Godfrey
|
0-0: Ball 1-0: Called Strike 1-1: DOUBLE (Flyball, 89XD) Mike Johnson to third Runner from 3rd tries for Home, SAFE, no throw or cutoff
|
Batting: RHB Luis Aguilar
|
0-0: Swinging Strike 0-1: Swinging Strike 0-2: Foul Ball, location: 2F 0-2: Ball 1-2: SINGLE (Groundball, 4MD) Mike Godfrey to third Runner from 3rd tries for Home, SAFE, no throw or cutoff
|
Batting: LHB Bob Greene
|
0-0: Foul Ball, location: 2F 0-1: Ball Passed Ball! Luis Aguilar to second 1-1: Fly out, F6 (Popup, 6MS)
|
Batting: LHB Poto Vasilini
|
0-0: Called Strike 0-1: Swinging Strike 0-2: Foul Ball, location: 2F 0-2: SINGLE (Flyball, 6MD) Luis Aguilar to third Runner from 3rd tries for Home, SAFE, throw made home Poto Vasilini to second
|
Batting: LHB Dave Gordon
|
0-0: Swinging Strike 0-1: Foul Ball, location: 2F 0-2: Ball 1-2: Ball 2-2: Strikes out swinging
|
Batting: RHB Bobby Armstrong
|
0-0: Called Strike 0-1: Ground out 6-3 (Groundball, 6)
|
Top of the 3rd over - 3 run(s), 4 hit(s), 0 error(s), 1 left on base; Kingston 4 - Springfield 2 |
BOTTOM OF THE 3RD |
Springfield Simpsons batting - Pitching for Kingston Iguanas : RHP Sid Allen
|
Batting: RHB Ken McDonald
|
0-0: Ball 1-0: Called Strike 1-1: Fly out, F8 (Line Drive, 8LS)
|
Batting: LHB Tony O'Bryan
|
0-0: Called Strike 0-1: Ball 1-1: Ball 2-1: Foul Ball, location: 2F 2-2: Ball 3-2: Foul Ball, location: 2F 3-2: Hit by Pitch
|
Batting: RHB Brant Sherman
|
0-0: Ball 1-0: Foul Ball, location: 2F 1-1: Reached on error, E3 (Groundball, 3) Tony O'Bryan to second
|
Batting: RHB Manny Ramírez
|
0-0: Foul Ball, location: 2F 0-1: Ball 1-1: Ball 2-1: Fly out, F9 (Flyball, 89S)
|
Batting: LHB Pedro Cerda
|
0-0: Ball 1-0: DOUBLE (Line Drive, 89XD) Tony O'Bryan scores Brant Sherman to third Runner from 3rd tries for Home, throw and OUT!
|
Bottom of the 3rd over - 1 run(s), 1 hit(s), 1 error(s), 1 left on base; Kingston 4 - Springfield 3 |
TOP OF THE 4TH |
Kingston Iguanas batting - Pitching for Springfield Simpsons : RHP Mark Anderson
|
Batting: LHB Will Holt
|
0-0: Called Strike 0-1: Swinging Strike 0-2: Ball 1-2: Foul Ball, location: 2F 1-2: Strikes out swinging
|
Batting: LHB Juan Romero
|
0-0: Ball 1-0: Fly out, F8 (Flyball, 8LD)
|
Batting: RHB Mike Johnson
|
0-0: Foul Ball, location: 2F 0-1: Swinging Strike 0-2: Strikes out looking
|
Top of the 4th over - 0 run(s), 0 hit(s), 0 error(s), 0 left on base; Kingston 4 - Springfield 3 |
BOTTOM OF THE 4TH |
Springfield Simpsons batting - Pitching for Kingston Iguanas : RHP Sid Allen
|
Batting: SHB Jorge García
|
0-0: Called Strike 0-1: SINGLE (Line Drive, 34D)
|
Batting: SHB José Cruz
|
0-0: Ball 1-0: Ball 2-0: SINGLE (Groundball, 34) Jorge García to second Runner from 2nd tries for 3rd, SAFE, throw made to third
|
Batting: RHB Valentín Ramírez
|
0-0: Ball José Cruz steals 2nd base 1-0: Ball 2-0: Called Strike 2-1: Ground out 5-3 (Groundball, 56) Jorge García scores
|
Batting: RHB Nick Harris
|
0-0: Foul Ball, location: 2F 0-1: SINGLE (Flyball, 9LM) José Cruz to third Runner from 3rd tries for Home, throw and OUT! Nick Harris to second
|
Batting: RHB Ken McDonald
|
0-0: Called Strike 0-1: Foul Ball, location: 2F 0-2: Ball 1-2: Ball 2-2: Fly out, F7 (Line Drive, 78M)
|
Bottom of the 4th over - 1 run(s), 3 hit(s), 0 error(s), 1 left on base; Kingston 4 - Springfield 4 |
TOP OF THE 5TH |
Kingston Iguanas batting - Pitching for Springfield Simpsons : RHP Mark Anderson
|
Batting: LHB Mike Godfrey
|
0-0: Called Strike 0-1: Fly out, F7 (Flyball, 7LDF)
|
Now in LF: Gabriel Stout
|
|
Batting: RHB Luis Aguilar
|
0-0: Foul Ball, location: 2F 0-1: Ball 1-1: Ball 2-1: Ball 3-1: Fly out, F9 (Flyball, 89D)
|
Batting: LHB Bob Greene
|
0-0: Called Strike 0-1: Ball 1-1: Ball 2-1: Foul Ball, location: 2F 2-2: Strikes out looking
|
Top of the 5th over - 0 run(s), 0 hit(s), 0 error(s), 0 left on base; Kingston 4 - Springfield 4 |
BOTTOM OF THE 5TH |
Springfield Simpsons batting - Pitching for Kingston Iguanas : RHP Sid Allen
|
Batting: LHB Tony O'Bryan
|
0-0: Ball 1-0: Ball 2-0: Ball 3-0: Base on Balls
|
Batting: RHB Gabriel Stout
|
0-0: Called Strike 0-1: Fly out, F7 (Flyball, 7M)
|
Batting: RHB Manny Ramírez
|
0-0: Ball Tony O'Bryan steals 2nd base 1-0: Ball Wild Pitch! Tony O'Bryan to third 2-0: Foul Ball, location: 2F 2-1: Ball 3-1: Base on Balls
|
Batting: LHB Pedro Cerda
|
0-0: SINGLE (Line Drive, 9LS) Tony O'Bryan scores Manny Ramírez to second Runner from 2nd tries for 3rd, SAFE, no throw or cutoff
|
Batting: SHB Jorge García
|
0-0: Called Strike 0-1: Ball 1-1: Swinging Strike 1-2: Ball 2-2: Reached on error, E3 (Groundball, 3) Manny Ramírez scores Pedro Cerda to second
|
Batting: SHB José Cruz
|
0-0: Ball 1-0: Swinging Strike 1-1: Swinging Strike 1-2: Strikes out swinging
|
Pitching: RHP Robert Alexander
|
|
Batting: RHB Valentín Ramírez
|
0-0: Fly out, F5 (Popup, 5SF)
|
Bottom of the 5th over - 2 run(s), 1 hit(s), 1 error(s), 2 left on base; Kingston 4 - Springfield 6 |
TOP OF THE 6TH |
Kingston Iguanas batting - Pitching for Springfield Simpsons : RHP Mark Anderson
|
Pitching: RHP Cristián Torres
|
|
Batting: LHB Poto Vasilini
|
0-0: Ball 1-0: Called Strike 1-1: Ball 2-1: Ball 3-1: Base on Balls
|
Batting: LHB Dave Gordon
|
0-0: Ball 1-0: Called Strike 1-1: Foul Ball, location: 2F 1-2: Ball 2-2: Foul Ball, location: 2F 2-2: Strikes out swinging
|
Batting: RHB Bobby Armstrong
|
0-0: Ball 1-0: Ball 2-0: Foul Ball, location: 2F 2-1: Ball 3-1: Fly out, F9 (Flyball, 89M)
|
Batting: LHB Will Holt
|
0-0: Ball 1-0: Ball 2-0: Ball 3-0: Base on Balls Poto Vasilini to second
|
Batting: LHB Juan Romero
|
0-0: Called Strike 0-1: Ball 1-1: Fly out, F9 (Flyball, 9D)
|
Top of the 6th over - 0 run(s), 0 hit(s), 0 error(s), 2 left on base; Kingston 4 - Springfield 6 |
BOTTOM OF THE 6TH |
Springfield Simpsons batting - Pitching for Kingston Iguanas : RHP Robert Alexander
|
Batting: RHB Nick Harris
|
0-0: Fly out, F9 (Flyball, 89M)
|
Batting: RHB Ken McDonald
|
0-0: Hit by Pitch
|
Batting: LHB Tony O'Bryan
|
0-0: Foul Ball, location: 2F 0-1: Called Strike 0-2: Ball Wild Pitch! Ken McDonald to second 1-2: Ball 2-2: Ground out 4-3 (Groundball, 4M) Ken McDonald to third
|
Batting: RHB Gabriel Stout
|
0-0: Called Strike 0-1: DOUBLE (Flyball, 89M) Ken McDonald scores
|
Batting: RHB Manny Ramírez
|
0-0: Ball 1-0: Ball 2-0: Foul Ball, location: 2F 2-1: Ball 3-1: Called Strike 3-2: Base on Balls
|
Batting: LHB Pedro Cerda
|
0-0: Ground out 4-3 (Groundball, 4)
|
Bottom of the 6th over - 1 run(s), 1 hit(s), 0 error(s), 2 left on base; Kingston 4 - Springfield 7 |
TOP OF THE 7TH |
Kingston Iguanas batting - Pitching for Springfield Simpsons : RHP Cristián Torres
|
Batting: RHB Mike Johnson
|
0-0: Called Strike 0-1: Ball 1-1: Foul Ball, location: 2F 1-2: Strikes out swinging
|
Batting: LHB Mike Godfrey
|
0-0: Called Strike 0-1: SINGLE (Groundball, 6MD)
|
Batting: RHB Luis Aguilar
|
0-0: Ball 1-0: Ball 2-0: Swinging Strike 2-1: Called Strike 2-2: Ball 3-2: Base on Balls Mike Godfrey to second
|
Batting: LHB Bob Greene
|
0-0: Called Strike 0-1: Ball 1-1: Called Strike 1-2: Foul Ball, location: 2F 1-2: Ball 2-2: Strikes out swinging
|
Batting: LHB Poto Vasilini
|
0-0: Called Strike 0-1: Foul Ball, location: 2F 0-2: Ball 1-2: Ball 2-2: Foul Ball, location: 2F 2-2: Strikes out swinging
|
Top of the 7th over - 0 run(s), 1 hit(s), 0 error(s), 2 left on base; Kingston 4 - Springfield 7 |
BOTTOM OF THE 7TH |
Springfield Simpsons batting - Pitching for Kingston Iguanas : RHP Robert Alexander
|
Batting: SHB Jorge García
|
0-0: Ball 1-0: Foul Ball, location: 2F 1-1: Foul Ball, location: 2F 1-2: Ground out 4-3 (Groundball, 13)
|
Batting: SHB José Cruz
|
0-0: Foul Ball, location: 2F 0-1: Ball 1-1: Foul Ball, location: 2F 1-2: Strikes out swinging
|
Batting: RHB Valentín Ramírez
|
0-0: Ball 1-0: Ball 2-0: Called Strike 2-1: SINGLE (Groundball, 34D)
|
Batting: RHB Nick Harris
|
0-0: Fly out, F8 (Flyball, 8LM)
|
Bottom of the 7th over - 0 run(s), 1 hit(s), 0 error(s), 1 left on base; Kingston 4 - Springfield 7 |
TOP OF THE 8TH |
Kingston Iguanas batting - Pitching for Springfield Simpsons : RHP Cristián Torres
|
Pitching: LHP Alberto Martínez
|
|
Batting: LHB Dave Gordon
|
0-0: Swinging Strike 0-1: Ball 1-1: Ball 2-1: Foul Ball, location: 2F 2-2: Foul Ball, location: 2F 2-2: Ground out 4-3 (Groundball, 4)
|
Batting: RHB Bobby Armstrong
|
0-0: Ball 1-0: Fly out, F9 (Flyball, 9M)
|
Batting: LHB Will Holt
|
0-0: Ball 1-0: Ball 2-0: Fly out, F7 (Flyball, 78M)
|
Top of the 8th over - 0 run(s), 0 hit(s), 0 error(s), 0 left on base; Kingston 4 - Springfield 7 |
BOTTOM OF THE 8TH |
Springfield Simpsons batting - Pitching for Kingston Iguanas : RHP Robert Alexander
|
Pitching: RHP José Pérez
|
|
Batting: RHB Ken McDonald
|
0-0: Ball 1-0: Ball 2-0: Foul Ball, location: 2F 2-1: DOUBLE (Line Drive, 6)
|
Batting: LHB Tony O'Bryan
|
0-0: Intentional Walk
|
Batting: RHB Gabriel Stout
|
0-0: Called Strike 0-1: Ball 1-1: Foul Ball, location: 2F 1-2: Ball 2-2: Fly out, F9 (Flyball, 9M)
|
Batting: RHB Manny Ramírez
|
0-0: Called Strike 0-1: Ball 1-1: Ball 2-1: SINGLE (Line Drive, 6D) Ken McDonald to third Tony O'Bryan to second Runner from 3rd tries for Home, SAFE, throw made home Tony O'Bryan to third Manny Ramírez to second
|
Batting: LHB Pedro Cerda
|
0-0: Intentional Walk
|
Batting: SHB Jorge García
|
0-0: Fielders Choice at 2nd, U4 (Groundball, 4M) Tony O'Bryan scores Manny Ramírez to third
|
Batting: SHB José Cruz
|
0-0: Called Strike 0-1: Ball 1-1: Swinging Strike 1-2: Ball 2-2: Strikes out swinging
|
Bottom of the 8th over - 2 run(s), 2 hit(s), 0 error(s), 2 left on base; Kingston 4 - Springfield 9 |
TOP OF THE 9TH |
Kingston Iguanas batting - Pitching for Springfield Simpsons : LHP Alberto Martínez
|
Now at C: Kawanari Hara
|
|
Batting: LHB Juan Romero
|
0-0: SINGLE (Groundball, 56D)
|
Batting: RHB Mike Johnson
|
0-0: Ball 1-0: Grounds into double play, 6-4-3 (Groundball, 6)
|
Batting: LHB Mike Godfrey
|
0-0: Ball 1-0: SINGLE (Line Drive, 4M)
|
Batting: RHB Luis Aguilar
|
0-0: SINGLE (Line Drive, 6D) Mike Godfrey to second
|
Batting: LHB Bob Greene
|
0-0: Called Strike 0-1: Foul Ball, location: 2F 0-2: Strikes out swinging
|
Top of the 9th over - 0 run(s), 3 hit(s), 0 error(s), 2 left on base; Kingston 4 - Springfield 9 |
|